 Dungeon Crawl Stone Soup version 0.31-a0-237-g2d982f9f85 (webtiles) character file.

Game seed: 15029641315906806129

178 qw the Shooter (level 5, -19/30 HPs)
             Began as a Gargoyle Hexslinger on July 11, 2023.
             Demolished by an ogre
             ... wielding a +0 giant club
              (25 damage)
             ... on level 4 of the Dungeon.
             The game lasted 00:01:15 (2479 turns).

qw the Shooter (Gargoyle Hexslinger)                Turns: 2479, Time: 00:01:15

Health: -19/30     AC: 15    Str: 12    XL:     5   Next: 58%
Magic:  6/6        EV: 10    Int: 13    God:
Gold:   173        SH:  0    Dex: 14    Spells: 5/6 levels left

rFire   . . .        Y - +1 sling
rCold   . . .        (no shield)
rNeg    + . .        e - +4 ring mail
rPois   inf          (no helmet)
rElec   +            d - +0 cloak
rCorr   .            f - +0 pair of gloves
SInv    .            (no boots)
Will    .....        (no amulet)
Stlth   +            (no ring)
HPRegen 0.25/turn    (no ring)
MPRegen 0.10/turn

%: no passive effects
@: no status effects
A: sickness immunity, AC +4, negative energy resistance 1, electricity
resistance, torment resistance 1, petrification resistance
a: no special abilities


You were on level 4 of the Dungeon.
You visited 1 branch of the dungeon, and saw 4 of its levels.

You collected 173 gold pieces.


Innate Abilities, Weirdness & Mutations

You are immune to sickness and miasma.
Your stone body is resilient. (AC +4)
You are immune to poison.
You resist negative energy. (rN+)
You are resistant to electric shocks. (rElec)
You are resistant to unholy torment.
You are immune to petrification.


   Skills:
 + Level 2.1 Fighting
 - Level 5.1 Ranged Weapons
 - Level 1.2 Armour
 - Level 1.5 Dodging
 - Level 1.0 Spellcasting
 - Level 2.6 Hexes


You had 5 spell levels left.
You knew the following spells:

 Your Spells              Type           Power      Damage    Failure   Level
a - Slow                  Hex            28%        N/A       22%         1

Your spell library contained the following spells:

 Spells                   Type           Power      Damage    Failure   Level
 Inner Flame              Hex/Fire       4%         N/A       73%         3
 Portal Projectile        Hex/Tloc       8%         N/A       73%         3
 Cause Fear               Hex            3%         N/A       91%         4

Inventory:

Hand Weapons
 Y - a +1 sling (weapon)
Armour
 d - a +0 cloak (worn)
 e - a +4 ring mail (worn)
 f - a +0 pair of gloves (worn)
 j - the +5 ring mail of Conscience {Harm Str+5 Int-4}
   (You found it on level 3 of the Dungeon)

   Str:       It affects your strength (+5).
   Int:       It affects your intelligence (-4).
   Harm:      It increases damage dealt and taken.
Scrolls
 k - a scroll of identify
 l - a scroll of teleportation {unknown}
 n - a scroll of enchant weapon {unknown}
Potions
 a - a potion of mutation {unknown}
 b - a potion of degeneration {unknown}
 c - a potion of heal wounds {unknown}
 g - a potion of haste {unknown}
 h - a potion of curing
 i - a potion of berserk rage {unknown}
 m - a potion of attraction {unknown}

Dungeon Overview and Level Annotations

Branches:
Dungeon (4/15)
 Temple: D:4-7

Altars:
Ru
Sif Muna


Message History

Enter note:
Enter note:
Enter note:
Enter note:
Enter note:
Found a dagger.
Enter note:
Enter note:
Enter note:
Enter note:
Enter note:
Enter note: An ogre comes into view. It is wielding a +0 giant club.
The ogre shouts!
Enter note:
Enter note:
Enter note:
Enter note:
Enter note:
Enter note:
Enter note:
Enter note:
Enter note: You shoot a sling bullet.
The sling bullet barely misses the ogre.
A sky beast comes into view.
You shoot a sling bullet. The sling bullet hits the ogre.
The ogre is lightly wounded.
The sky beast flickers out of sight!
Deactivating autopickup; reactivate with Ctrl-A.
You shoot a sling bullet. The sling bullet hits the ogre.
The ogre is moderately wounded.
The ogre hits you with a +0 giant club!!
Ouch! That really hurt!
You shoot a sling bullet. The sling bullet hits the ogre.
The ogre is heavily wounded.
A hobgoblin comes into view.
The ogre hits you with a +0 giant club!!
Ouch! That really hurt!
You die...

...# #..# ##. #..##
#..## ##..
#..###...####...
#.........##.... .
##.............# #..
#<.....?....###
#..######...#########
#...).....##
##.O@...## #..######
#' .. #### #. ##...
.' #...# g ##..##
#..## #...##


You could see an ogre and a hobgoblin (wandering).

Vanquished Creatures
  A hound (D:4)
  Jessica (D:3)
  4 adders
  An ufetubus (D:3)
  A worm (D:2)
  4 orcs (D:4)
  3 bats
  6 endoplasms
  2 giant cockroaches (D:1)
  10 goblins
  12 hobgoblins
  2 jackals (D:4)
  A quokka (D:3)
  8 ball pythons
  5 frilled lizards
  7 kobolds
  4 rats
72 creatures vanquished.

Notes
Turn   | Place    | Note
-------+----------+-------------------------------------------
     0 | D:1      | qw the Gargoyle Hexslinger began the quest for the Orb.
     0 | D:1      | Reached XP level 1. HP: 12/12 MP: 2/2
     0 | D:1      | 0 ||| qw: Version: 0.3-a-52-g30416fa
     0 | D:1      | 0 ||| qw: Game counter: 5846
     0 | D:1      | 0 ||| qw: Melee chars always use a shield: true
     0 | D:1      | 0 ||| qw: God list: Okawaru
     0 | D:1      | 0 ||| qw: Allow faded altars: false
     0 | D:1      | 0 ||| qw: Do Orc after clearing Dungeon:15 true
     0 | D:1      | 0 ||| qw: Do second Lair branch before Depths: true
     0 | D:1      | 0 ||| qw: Lair rune preference: random
     0 | D:1      | 0 ||| qw: Goals: Normal
     0 | D:1      | 0 ||| PLANNING D:1-11
   100 | D:1      | Reached XP level 2. HP: 16/16 MP: 3/3
   367 | D:1      | Reached skill level 3 in Ranged Weapons
   680 | D:1      | 680 ||| UPGRADING to +4 ring mail.
   690 | D:1      | 690 ||| DROPPING +0 robe.
   691 | D:1      | 691 ||| UPGRADING to +0 pair of gloves.
   696 | D:1      | 696 ||| READING scroll labelled ZYXEHI DUEBU.
   697 | D:1      | 697 ||| READING scroll labelled EQOUCZ OKHIMM.
   698 | D:1      | 698 ||| DROPPING scroll of poison.
   765 | D:2      | Reached XP level 3. HP: 18/21 MP: 4/4
   873 | D:2      | Reached skill level 1 in Armour
  1014 | D:2      | 1014 ||| FLEEEEING.
  1015 | D:2      | 1015 ||| FLEEEEING.
  1016 | D:2      | 1016 ||| FLEEEEING.
  1017 | D:2      | 1017 ||| FLEEEEING.
  1044 | D:2      | Reached XP level 4. HP: 23/26 MP: 5/5
  1202 | D:2      | Found a sacrificial altar of Ru.
  1370 | D:2      | 1370 ||| UPGRADING to +0 cloak.
  1375 | D:2      | 1375 ||| READING 2 scrolls labelled NURETT CAON.
  1376 | D:2      | 1376 ||| READING scroll labelled ZYSTREO VOLUI.
  1377 | D:2      | 1377 ||| DROPPING scroll of revelation.
  1546 | D:3      | Reached skill level 4 in Ranged Weapons
  1550 | D:3      | Identified the +5 ring mail of Conscience {Harm Str+5
                  | Int-4}
  1927 | D:3      | Noticed Jessica
  1929 | D:3      | Killed Jessica
  1930 | D:3      | Reached XP level 5. HP: 30/30 MP: 6/6
  1936 | D:3      | Found a shimmering blue altar of Sif Muna.
  2042 | D:3      | 2042 ||| DRINKING 2 brown potions.
  2299 | D:4      | Reached skill level 5 in Ranged Weapons
  2475 | D:4      | Noticed an ogre
  2476 | D:4      | Noticed a sky beast
  2478 | D:4      | HP: 6/30 [ogre/+0 giant club (24)]
  2479 | D:4      | Demolished by an ogre

Levels and vault maps discovered:
D:1:      lightli_arrival_lavapool, layout_loops_ring
D:2:      minmay_diamond_boxcup, layout_rooms, basic_altar,
          minmay_crystal_water, hangedman_decor_push
D:3:      layout_loops_cross, tgw_sif, serial_bayou_ford_a
D:4:      layout_layer_cave, general_overflow_altar, minmay_temple_entry_hall,
          serial_shops, shop

Skill      XL: |  1  2  3  4  5 |
---------------+----------------+-----
Ranged Weapons | 3 4 5 |  5.1
Fighting       | 2 |  2.1
Armour         | 1 |  1.2
Dodging        | |  1.5
Spellcasting   | |  1.0
Hexes          | |  2.6

Action                     |  1- 3 |  4- 6 || total
---------------------------+-------+-------++-------
   Fire: Sling             |   150 |   160 ||   310
    Use: Scroll            |     2 |     2 ||     4
         Potion            |       |     1 ||     1
 Armour: Robe              |     3 |       ||     3
         Ring mail         |    24 |    91 ||   115
  Dodge: Dodged            |    54 |    86 ||   140

Table legend:
 A = Non-vault XP
 B = Vault XP
 C = Vault XP percentage of total XP
 D = Non-vault monster count
 E = Vault monster count
 F = Vault count percentage of total count
                 A         B        C        D         E       F
            +---------+---------+-------+---------+---------+-------
      Total |     192 |      63 |  24.7 |      62 |      10 |  13.9
            +---------+---------+-------+---------+---------+-------
        D:1 |      27 |       0 |   0.0 |      16 |       0 |   0.0
        D:2 |      46 |      26 |  36.1 |      20 |       9 |  31.0
        D:3 |      51 |      37 |  42.0 |      13 |       1 |   7.1
        D:4 |      68 |       0 |   0.0 |      13 |       0 |   0.0
            +---------+---------+-------+---------+---------+-------
